[Event "34th GER-ch Seniors-50 2022"]
[Site "Magdeburg"]
[Date "2022.08.18"]
[Round "7.8"]
[White "Ratzmann, Immo"]
[Black "Pitschka, Claus"]
[Result "1/2-1/2"]
[ECO "A44"]
[WhiteElo "2064"]
[BlackElo "2188"]
[Annotator "TA"]
[PlyCount "67"]
[EventDate "2022.08.12"]
[EventType "swiss"]
[EventCountry "GER"]
[SourceTitle "playchess.com"]
[Source "ChessBase"]
[SourceQuality "1"]
[TimeControl "40/5400+30:1800+30"]

1. d4 {[%emt 0:00:30] ChessBase} c5 2. d5 d6 3. c4 e5 4. e4 Be7 5. Nf3 Bg4 6. Nbd2 Na6 {[%emt 0:04:47] A44: Semi-Benoni.} 7. Be2 {[%emt 0:05:30][%cal Of3e5] [#] Black must now prevent Nxe5!} Nc7 $146 ({Predecessor:} 7... Nf6 8. a3 O-O 9. O-O g6 10. Ne1 Bd7 11. Nd3 Ne8 12. b4 Rc8 13. Bb2 Bf6 14. Qb3 {1-0 (57) Kasparov,G (2595)-Torre,E (2520) Baku 1980 EXT 2000 [ChessBase]}) 8. O-O Bd7 {[%emt 0:09:09] White is slightly better.} 9. a4 f5 10. exf5 Bxf5 11. Ne1 Bg5 12. Bg4 Nh6 13. Bxf5 Nxf5 14. Ne4 Bxc1 15. Rxc1 O-O (15... Qh4 {is interesting.} 16. Qe2 Nd4 17. Qe3 Nf5) 16. Nf3 b6 17. Qd2 (17. a5 $5) 17... a6 18. Ra1 Qd7 19. b3 b5 20. axb5 axb5 21. Rxa8 Rxa8 22. Qb2 h6 23. Ra1 Ra6 24. Ra2 Qc8 25. Qa1 {[%emt 0:00:53] Strongly threatening Rxa6.} (25. h3 $5 ) 25... bxc4 26. Rxa6 Nxa6 27. bxc4 Nb4 (27... Nc7 $11 {keeps the balance.}) 28. h3 Qd8 29. Qa7 Nc2 30. Qa6 Ncd4 (30... Nb4 $14 31. Qa3 Nc2) 31. Nxd4 $16 exd4 {[%emt 0:01:30] [#]} 32. g4 {[%emt 0:01:26] White is more active.} (32. Nxc5 $1 $16 {[%mdl 512] Ne6 is the strong threat.} Qg5 (32... Qb8 33. Qb7) 33. Nd3) 32... Qe8 $11 33. gxf5 ({Avoid the trap} 33. Nxd6 $2 Nxd6 34. Qa3 Qe4 35. Qxc5 {[#]} d3 $1 36. Qxd6 d2 37. Qb8+ Kh7 $19) 33... Qxe4 34. Qc8+ $1 {[%emt 0:00:13] Weighted Error Value: White=0.17 (very precise) /Black=0.18 (very precise)} ({Wrong is} 34. Qxd6 $2 d3 35. Qb8+ (35. Qxc5 {leads to mate.} d2 36. Qc8+ Kh7 37. Kh2 d1=Q) 35... Kh7 $19) 1/2-1/2

[Event "34th GER-ch Seniors-50 2022"]
[Site "Magdeburg"]
[Date "2022.08.19"]
[Round "8.1"]
[White "Zude, Arno"]
[Black "De Roda Husman, Juan"]
[Result "1/2-1/2"]
[ECO "B42"]
[WhiteElo "2371"]
[BlackElo "2266"]
[Annotator "TA"]
[PlyCount "104"]
[EventDate "2022.08.12"]
[EventType "swiss"]
[EventCountry "GER"]
[SourceTitle "playchess.com"]
[Source "ChessBase"]
[SourceQuality "1"]
[TimeControl "40/5400+30:1800+30"]

1. e4 {[%emt 0:00:03] Sagar Shah} c5 2. Nf3 e6 3. d4 cxd4 4. Nxd4 a6 5. Bd3 g6 6. O-O Bg7 7. Nb3 Ne7 8. c4 {[%emt 0:04:19] B42: Sicilian: Kan Variation: 5 Bd3.} O-O 9. Nc3 Nbc6 10. Bg5 {[%emt 0:05:23] The position is equal.} h6 11. Bh4 g5 12. Bg3 Ne5 13. Be2 {[%emt 0:06:09] [#]} d6 $146 ({Predecessor:} 13... N7g6 14. Qd2 b6 15. f3 Bb7 16. Bf2 Nf4 17. Na4 Nxe2+ 18. Qxe2 Nxc4 19. Qxc4 b5 {0-1 (38) Jakovenko,D (2759)-Artemiev,V (2671) Chita 2015 CBM 168 [Sagar Shah]}) 14. Qd2 Qc7 {[%emt 0:05:29] [#]} (14... N7g6 $14) 15. Rac1 ({Better is} 15. f4 $1 $16 gxf4 16. Bxf4) 15... b6 (15... N7g6 $14) 16. Rfd1 ({White should try} 16. Rcd1 $16) 16... Rd8 17. h4 gxh4 18. Bxh4 (18. Bxe5 $6 Bxe5 19. Qxh6 Ng6 $11) 18... Bb7 19. f3 Rab8 20. Bf2 Ba8 21. Nd4 N5g6 (21... Nxc4 $2 22. Bxc4 Qxc4 {[#]} 23. Nd5 $1 Bxd5 24. Rxc4 Bxc4 25. Bh4 $18) 22. Be3 {[%emt 0:06:42] White is more active.} Kh7 23. Kf2 Ng8 (23... h5 {was worth a try.} 24. f4 Bxd4) 24. Rh1 $18 Qe7 25. Rh5 Qf6 (25... Nf6 $16) 26. Nc2 Ne5 27. Bg5 Qg6 28. Rch1 f6 (28... b5 $142 29. Bxd8 Rxd8 30. cxb5 axb5) 29. Bf4 Rbc8 30. Ne3 {[%emt 0:00:36] Inhibits d5.} Rc5 31. R5h3 b5 32. b4 Rcc8 33. cxb5 {[%emt 0:01:45] Really sharp!} axb5 34. Rd1 Nc4 $2 (34... Qf7 $16 {is a better defense.} 35. Nxb5 (35. Bxb5 f5 $14) 35... d5 36. exd5 Bxd5) 35. Nxc4 (35. Bxc4 $142 bxc4 36. Rg3 (36. Bxd6 Bf8 $18)) 35... bxc4 36. Be3 d5 37. exd5 (37. Rg3 $6 Qf7 $16) 37... Bxd5 38. Bb6 $2 {[%emt 0:00:23][%mdl 8192] [#]} (38. Qc1 $16 {and life is bright.}) 38... Bxf3 $1 $19 39. Bxd8 Qxg2+ 40. Ke3 Bxe2 41. Rdh1 $2 {[%emt 0:08:27] [#]} (41. Qxe2 Qxh3+ 42. Qf3) 41... Rxd8 $1 42. Qxd8 Bg4 43. R3h2 Qf3+ 44. Kd2 f5 45. Ne2 f4 {[%emt 0:01:17] And now ...Qe3+ would win.} 46. Qc7 $2 (46. Rg1 Qe3+ 47. Ke1 Bc3+ 48. Kf1 Qf3+ 49. Rf2 Qh3+ 50. Rfg2 (50. Rgg2 $2 f3 $19)) 46... Qe3+ 47. Ke1 {[%emt 0:00:59] aiming for Rg1.} f3 {[%emt 0:01:26][%mdl 64] Pin} ({Don't blunder} 47... Bxe2 $2 48. Rxe2 Qc3+ 49. Rd2 Qc1+ 50. Ke2 (50. Rd1 $2 Qe3+ 51. Kf1 Qf3+ 52. Kg1 Qxd1+ $19) 50... Qxh1 51. Qxf4 $19) 48. Qxc4 (48. Rg1 $142 Kh8 49. Rxg4 Bc3+ 50. Kf1 fxe2+ 51. Rxe2 Qf3+ 52. Kg1 Qxg4+ 53. Kf2) 48... fxe2 49. Rxe2 Bc3+ {[%emt 0:05:50] A strong pair of Bishops.} 50. Kf1 Bxe2+ $2 (50... Qf3+ 51. Kg1 Qg3+ 52. Kf1 Bf5) 51. Qxe2 Qf4+ 52. Kg2 {[%emt 0:00:15] Strongly threatening Qc2+.} Qxb4 {[%emt 0:01:24] Weighted Error Value: White=0.62/Black=0.30} 1/2-1/2

[Event "34th GER-ch Seniors-50 2022"]
[Site "Magdeburg"]
[Date "2022.08.19"]
[Round "8.2"]
[White "Wacker, Peter"]
[Black "Reddmann, Hauke"]
[Result "*"]
[ECO "B91"]
[WhiteElo "2263"]
[BlackElo "2181"]
[Annotator "TA"]
[PlyCount "26"]
[EventDate "2022.08.12"]
[EventType "swiss"]
[EventCountry "GER"]
[SourceTitle "playchess.com"]
[Source "ChessBase"]
[SourceQuality "1"]
[TimeControl "40/5400+30:1800+30"]

1. e4 c5 2. Nf3 d6 3. d4 cxd4 4. Nxd4 Nf6 5. Nc3 a6 6. g3 Nc6 7. Bg2 Bd7 8. O-O g6 9. Nde2 {[%emt 0:05:18] B91: Sicilian Najdorf: 6 g3.} (9. Nd5 {seems wilder.} Bg7 10. Bg5 Ng4 11. c3) 9... Bg7 10. b3 O-O 11. Bb2 Qa5 {[%emt 0:03:46] [#]} 12. Nd5 $146 (12. Rb1 $11) ({Predecessor:} 12. Qd2 Rfd8 13. Rad1 Rac8 14. h3 b5 15. a3 Be8 16. f4 Qb6+ 17. Kh2 a5 18. Ba1 {½-½ (32) Fernandez Aguado,J-Sunye Neto,J (2470) Barcelona 1984}) 12... Nxd5 $1 $15 13. Bxg7 Ne3 $1 {[%emt 0:00:51] Black took control after the opening.  Weighted Error Value: White=0.38/Black=0.07 (flawless)} *

[Event "34th GER-ch Seniors-50 2022"]
[Site "Magdeburg"]
[Date "2022.08.19"]
[Round "8.3"]
[White "Pirrot, Dieter"]
[Black "Matzat, Andre"]
[Result "0-1"]
[ECO "D00"]
[WhiteElo "2328"]
[BlackElo "2034"]
[Annotator "TA"]
[PlyCount "88"]
[EventDate "2022.08.12"]
[EventType "swiss"]
[EventCountry "GER"]
[SourceTitle "playchess.com"]
[Source "ChessBase"]
[SourceQuality "1"]
[TimeControl "40/5400+30:1800+30"]

1. d4 Nf6 2. Bg5 d5 3. Nd2 Bf5 4. f3 {[%emt 0:11:01] [#]} c5 $146 ({Predecessor:} 4... Nc6 5. e3 Bg6 6. c4 e6 7. Qb3 Rb8 8. cxd5 Qxd5 9. Bxf6 Qxb3 10. axb3 gxf6 11. Bb5 Kd7 {1-0 (51) Hoffmann,A (2185)-Gaboyan,S (2215) Chess.com INT 2021}) 5. Bxf6 gxf6 6. e4 {[%emt 0:01:28] D00: 1 d4 d5: Unusual lines.} Bg6 7. Bb5+ Nc6 8. c4 (8. Ne2 $15) 8... a6 (8... dxe4 $17 {Threatens to win with ...e3.} 9. d5 e3) 9. Bxc6+ $11 bxc6 10. Qa4 Qd7 11. dxc5 dxe4 12. Rd1 Qe6 (12... exf3 $15 13. Ngxf3 Bh6) 13. Ne2 exf3 14. Nxf3 Bh6 15. Nfd4 Qe4 16. O-O $1 {[%emt 0:00:42] Strongly threatening Ng3.} (16. Qxc6+ Qxc6 17. Nxc6 Be4 $15) 16... O-O $1 17. Kh1 Rfc8 18. Ng3 {[%emt 0:03:40] Pair of Knights!} (18. Nc3 $5 Qg4 19. Nxc6 $14) 18... Qe5 19. Ngf5 Bf8 20. b4 (20. Nxc6 Qxc5 21. Ncd4 Qxc4 $17) 20... a5 21. Nxc6 (21. bxa5 $11 Qxc5 22. Nb3) 21... Qe6 $2 {[%emt 0:00:29] [#]} (21... Qe4 $15 {keeps the upper hand.} 22. Ncxe7+ Bxe7) 22. b5 $1 Bxf5 23. Nd4 $1 $36 {[%emt 0:00:09][%mdl 2048] White has some pressure.} Qe4 24. Rxf5 e6 (24... Rd8 $11 25. Rd5 e6 26. Rxd8 Rxd8) 25. Rff1 (25. Rxf6 Bg7 26. Rff1 Bxd4 $15) 25... Rxc5 (25... Bxc5 26. Nc6 $16) 26. Rfe1 Qf4 27. Rf1 Qe4 28. Qb3 a4 (28... Rd8 $15 {stays ahead.} 29. Rfe1 Qg4) 29. Qg3+ $16 Rg5 30. Qf3 Qxf3 31. gxf3 ({Of course not} 31. Nxf3 Rg4 $11) 31... Bc5 32. Nc6 {[%emt 0:00:00] Inhibits Re5.} a3 (32... Rh5 $14) 33. f4 Rg4 34. Rb1 Ra4 35. h3 ({Better is} 35. b6 $16 {Black must now prevent b7.} Bxb6 36. h3 (36. Rxb6 Rxc4 37. f5 Rc2 $11)) 35... Rh4 $1 $11 36. Kg2 Rxc4 37. Kg3 $2 (37. b6 $1 $11 {and White has nothing to worry.} Bd6 38. Rbc1 Rhxf4 39. Rfd1 (39. b7 Rxf1 40. Rxc4 Rb1 $17) 39... Rxc1 40. Rxc1) 37... Rh6 (37... Rh5 $1 $19 {and Black stays clearly on top. Hoping for ...Rc3+.} 38. Rfc1 Rxc1 39. Rxc1 Rd5) 38. Rfc1 {[%emt 0:00:16] Prevents Rc3+.} Rxc1 (38... Rg6+ $2 39. Kf3 Rxc1 40. Rxc1 $18) 39. Rxc1 $17 {[%emt 0:00:07][%mdl 4096] Endgame KRB-KRN} Bb6 {[%emt 0:00:21][%mdl 8192] [#]} (39... Rh5 $1 $17 40. Rc3 Bb6) 40. Ne7+ $1 $18 {[%emt 0:01:41][%mdl 1024] White has strong compensation.} Kf8 {[%emt 0:00:13] [#]} 41. Nc8 Bd4 42. b6 {[%emt 0:00:00] aiming for b7.} e5 43. f5 {[%emt 0:00:00] And now b7 would win.} e4 $2 (43... Bxb6 44. Nxb6 Rh5) 44. Kg4 $4 (44. b7 $18) 44... Bf2 {[%emt 0:00:30] Weighted Error Value: White=0.45/Black=0.48} 0-1

[Event "34th GER-ch Seniors-50 2022"]
[Site "Magdeburg"]
[Date "2022.08.19"]
[Round "8.4"]
[White "Brandes, Stephan"]
[Black "Heck, Norbert"]
[Result "1/2-1/2"]
[ECO "D95"]
[WhiteElo "2123"]
[BlackElo "2249"]
[Annotator "TA"]
[PlyCount "80"]
[EventDate "2022.08.12"]
[EventType "swiss"]
[EventCountry "GER"]
[SourceTitle "playchess.com"]
[Source "ChessBase"]
[SourceQuality "1"]
[TimeControl "40/5400+30:1800+30"]

1. Nf3 Nf6 2. e3 g6 3. d4 Bg7 4. c4 O-O 5. Nc3 d5 6. Qb3 c6 7. Bd3 {[%emt 0:00:00] D95: Grünfeld: 4 Nf3 Bg7 5 e3 0-0 6 Qb3.} Qb6 8. Qxb6 axb6 9. cxd5 {[%emt 0:00:00] The position is equal.} cxd5 10. Bd2 Nc6 11. O-O {[%emt 0:00:00] [#]} Nb4 $146 ({Predecessor:} 11... Bf5 12. Bxf5 gxf5 13. Rfc1 Rfc8 14. Nb5 Ne4 15. Be1 e6 16. Nd2 {½-½ (16) Kuenstler,C (2005)-Isakson,A (1926) Oberhof 2010}) 12. Bb5 Bf5 13. Ne5 {[%emt 0:00:00] Prevents Bd3.} Na6 14. g4 (14. Be2 $16) 14... Nxg4 $11 15. Nxg4 Bxg4 16. Nxd5 e5 17. Nxb6 Rad8 18. d5 Rd6 19. Ba5 e4 (19... Nc7 $5 20. Bc4 e4 $11) 20. h3 Bf3 (20... Bxh3 $11 21. Rfd1 Rf6) 21. Rac1 {[%emt 0:00:00] Hoping for Nc8.} g5 22. Nc8 $36 {[%emt 0:00:00][%mdl 2048] White is in control.} Rh6 23. Ne7+ Kh8 24. Bd7 {[%emt 0:00:00] White is more active.} Bxb2 {[%emt 0:10:59] [#] White must now prevent ...Ba3.} 25. Bc3+ (25. Rc8 $1 $16 Rxc8 26. Bxc8) 25... Bxc3 $14 26. Rxc3 {[%emt 0:00:00] Rb1 is the strong threat.} Rd6 $1 27. Rc8 Rxd7 28. Rxf8+ $18 Kg7 29. Rc8 Rxe7 $19 30. Rd8 (30. Rb1 $142) 30... Nc5 31. Rc1 Nd3 32. d6 (32. Rcc8 {was worth a try.}) 32... Re6 $2 (32... Re5 $19 {is more deadly.} 33. Rb1 Rd5) 33. Rcc8 $17 Ne5 34. d7 {[%emt 0:00:54] [#]} (34. Rc5 $142) 34... Nxd7 $1 35. Rxd7 {[%emt 0:00:01][%mdl 4096] Endgame And now Rc5 would win. KRR-KRB} Rb6 {[%emt 0:01:57] ( -> ...Rb1+)} 36. Rc1 {[%emt 0:00:23] Prevents Rb1.} Rb2 (36... Rh6 $1 $11 37. Kh2 (37. Rxb7 {gets mated.} Rxh3) 37... Bg4 38. Rxb7 Rxh3+ 39. Kg2 Rh4) 37. a4 h5 ({Black should try} 37... Ra2 $1 $14) 38. Kf1 (38. Ra1 $16) 38... h4 {[%emt 0:01:24] White is slightly better.} 39. Rd5 Kg6 40. Kg1 Ra2 {[%emt 0:05:26] White happily takes the draw.  Weighted Error Value: White=0.46/Black=0.26 (precise)} 1/2-1/2

[Event "34th GER-ch Seniors-50 2022"]
[Site "Magdeburg"]
[Date "2022.08.19"]
[Round "8.5"]
[White "Lindam, Ingo"]
[Black "Schatz, Christian"]
[Result "1/2-1/2"]
[ECO "E62"]
[WhiteElo "2130"]
[BlackElo "2137"]
[Annotator "TA"]
[PlyCount "34"]
[EventDate "2022.08.12"]
[EventType "swiss"]
[EventCountry "GER"]
[SourceTitle "playchess.com"]
[Source "ChessBase"]
[SourceQuality "1"]
[TimeControl "40/5400+30:1800+30"]

1. d4 d6 2. Nf3 Nf6 3. g3 g6 4. Bg2 Bg7 5. c4 O-O 6. O-O Nc6 7. Nc3 Bg4 8. d5 Na5 9. Nd2 c5 10. dxc6 {[%emt 0:08:52] E62: King's Indian: Fianchetto: 6...c6 and Panno Variation (6...Nc6) without ...a6.} (10. Qc2 $14) 10... Nxc6 {[%emt 0:00:53] [#] A rather calm draw.} {Predecessor:} 11. Nde4 $146 Nxe4 12. Bxe4 Rc8 13. Bd2 a6 14. Rc1 Bh3 15. Bg2 Bxg2 16. Kxg2 Ne5 17. b3 Qd7 {1-0 (66) Saraci,N (2424)-Banawa,J (2404) Chess.com INT 2021} 1/2-1/2

[Event "34th GER-ch Seniors-50 2022"]
[Site "Magdeburg"]
[Date "2022.08.19"]
[Round "8.6"]
[White "Schulze, Andreas"]
[Black "Koscielski, Janusz"]
[Result "0-1"]
[ECO "B12"]
[WhiteElo "2082"]
[BlackElo "2255"]
[Annotator "TA"]
[PlyCount "43"]
[EventDate "2022.08.12"]
[EventType "swiss"]
[EventCountry "GER"]
[SourceTitle "playchess.com"]
[Source "ChessBase"]
[SourceQuality "1"]
[TimeControl "40/5400+30:1800+30"]

1. e4 c6 2. d4 d5 3. e5 Bf5 4. Ne2 e6 5. Ng3 Bg6 6. h4 h5 7. Bd3 Bxd3 {[%emt 0:01:40] B12: Caro-Kann: Advance Variation.} 8. cxd3 Qb6 9. Ne2 Ne7 {[%emt 0:02:04] Black has an edge.} 10. Nbc3 (10. Nd2 $11) 10... Nf5 $17 11. Na4 {[%emt 0:00:14] [#]} Qa5+ $146 ({Predecessor:} 11... Bb4+ 12. Bd2 Qa5 13. b3 Nd7 14. a3 Bxd2+ 15. Qxd2 Qxd2+ 16. Kxd2 Rc8 17. b4 Ke7 {1-0 (54) Jahnz,F (2118)-Frick,C (1889) Playchess.com INT 2020}) 12. Kf1 Nd7 13. Bf4 b5 {[%emt 0:16:54][%cal Bb7b5,Bb5b4][%mdl 32] Black is more active.} 14. Nac3 b4 15. Na4 Nb6 16. Nxb6 axb6 17. Ng3 (17. g3 $15) 17... Nxd4 {[%emt 0:06:57] And now ...Qa4 would win.} 18. Nxh5 {[%emt 0:00:19] [#]} (18. Be3 $17 Bc5 19. Ne2 Nxe2 20. Qxe2) 18... Qa4 $1 $19 {[%emt 0:11:42] Threatens to win with ...Qxd1+.} 19. Qg4 (19. Be3) 19... Qc2 {[%emt 0:03:51][%cal Oa8a2] aiming for ...Rxa2!} 20. Nxg7+ (20. Rd1 $142 Rxa2 21. g3) 20... Bxg7 21. Qxg7 Qxd3+ 22. Kg1 {[%emt 0:00:06] Weighted Error Value: White=1.07/Black=0.02 (flawless)} 0-1

[Event "34th GER-ch Seniors-50 2022"]
[Site "Magdeburg"]
[Date "2022.08.19"]
[Round "8.7"]
[White "Schleicher, Guido"]
[Black "Juegel, Marcel"]
[Result "1/2-1/2"]
[ECO "C02"]
[WhiteElo "2234"]
[BlackElo "2126"]
[Annotator "TA"]
[PlyCount "76"]
[EventDate "2022.08.12"]
[EventType "swiss"]
[EventCountry "GER"]
[SourceTitle "playchess.com"]
[Source "ChessBase"]
[SourceQuality "1"]
[TimeControl "40/5400+30:1800+30"]

1. e4 e6 2. d4 d5 3. e5 c5 4. c3 Nc6 5. Nf3 Bd7 6. Bd3 Nh6 {[%emt 0:02:06] C02: French: Advance Variation.} (6... Rc8 $11) 7. O-O $14 Qb6 (7... cxd4 $14 {is superior.} 8. cxd4 Qb6) 8. Re1 (8. dxc5 $16 Bxc5 9. h3) 8... cxd4 $11 9. a3 {[%emt 0:00:42] [#]} a5 $146 ({Predecessor:} 9... Rc8 10. b4 dxc3 11. Be3 d4 12. Bxh6 gxh6 13. Re4 Bg7 14. b5 Na5 15. Rxd4 Bxb5 {0-1 (26) Jones,G (2670)-Lugovskoy,M (2420) Chess.com INT 2020}) 10. c4 dxc4 11. Bxc4 a4 12. Nbd2 {[%emt 0:07:48][%mdl 1024] White has compensation.} (12. Bxh6 $5 gxh6 13. Nbd2 $11) 12... Na5 13. Bd3 Ng4 (13... Be7 $11) 14. Qe2 (14. Re4 h5 $15) 14... Be7 15. h3 (15. Qe4 $6 Nh6 $15) (15. Rb1 $14) 15... Nh6 16. Ne4 Nb3 17. Bxh6 gxh6 18. Rad1 (18. Nfd2 $5) 18... O-O-O $1 19. Nfd2 Nxd2 20. Rxd2 Kb8 21. Qh5 Bg5 22. Nxg5 {[%emt 0:02:40] White is more active.} hxg5 23. Qxf7 h5 24. Rc2 Qb3 (24... g4 $5 ) 25. Be4 d3 26. Rd2 Bc6 27. Bxc6 bxc6 28. Rc1 Qd5 29. Qe7 g4 {[%emt 0:02:42] [#] Threatens to win with ...gxh3.} 30. Qb4+ Qb5 31. hxg4 (31. Rxc6 $16 Qxb4 32. axb4) 31... hxg4 ({Black should try} 31... Qxb4 $11 32. axb4 hxg4) 32. Rxc6 $2 ({Of course not} 32. Qxg4 Qxe5 33. g3 (33. Qb4+ $2 Kc7 $19) 33... Qd5 $11) (32. Rc4 $1 $14 {keeps the upper hand.}) 32... Qxb4 $17 33. axb4 $16 {[%emt 0:00:05][%mdl 4096] Endgame [#] KRR-KRR} Rd4 (33... Rh5 $1 $17 {( -> ...Rdh8)} 34. g3 (34. Rxe6 $2 Rdh8 $19) 34... Rxe5) 34. Rxe6 {[%emt 0:00:47] The position is equal.} Rc4 35. g3 $1 Rc1+ 36. Kg2 {[%emt 0:00:53] Hoping for Rb6+.} Rhh1 37. f4 ({Avoid the trap} 37. Re8+ $2 Kc7 38. f4 Rc2 39. Kxh1 (39. Re7+ $2 Kc8 $19) 39... Rxd2 $19) 37... Rcf1 38. Rd6 Rhg1+ {[%emt 0:00:12] Weighted Error Value: White=0.26 (precise) /Black=0.24 (precise)} 1/2-1/2

[Event "34th GER-ch Seniors-50 2022"]
[Site "Magdeburg"]
[Date "2022.08.19"]
[Round "8.8"]
[White "Hirn, Oskar"]
[Black "Ratzmann, Immo"]
[Result "1-0"]
[ECO "D79"]
[WhiteElo "2188"]
[BlackElo "2064"]
[Annotator "TA"]
[PlyCount "73"]
[EventDate "2022.08.12"]
[EventType "swiss"]
[EventCountry "GER"]
[SourceTitle "playchess.com"]
[Source "ChessBase"]
[SourceQuality "1"]
[TimeControl "40/5400+30:1800+30"]

1. d4 Nf6 2. g3 g6 3. Bg2 d5 4. Nf3 Bg7 5. O-O O-O 6. c4 c6 7. cxd5 cxd5 8. Ne5 Ng4 9. Nxg4 Bxg4 10. Nc3 Nc6 11. h3 Bc8 {[%emt 0:05:05] D79: Fianchetto Grünfeld: Symmetrical Variation (6 0-0 c6 7 cxd5 cxd5).} 12. e3 e6 13. b3 b6 {[%emt 0:03:51] The position is equal.} 14. Ba3 Re8 15. Rc1 Ba6 16. Re1 Rc8 {[%emt 0:01:33] [#]} 17. Qd2 $146 ({Predecessor:} 17. Bf1 Bxf1 18. Rxf1 Qd7 19. Kg2 a6 20. Ne2 Red8 21. Qd2 Qb7 22. f3 Na7 23. Rxc8 Rxc8 {½-½ (41) Denger,P (2085)-Petzold,L (2259) Germany 2014}) 17... Bf8 18. Bxf8 Rxf8 19. Ne2 Qd6 20. Nf4 Rc7 21. Rc2 Rfc8 22. Rec1 Ne7 23. h4 Rxc2 24. Rxc2 Rxc2 25. Qxc2 Qc6 26. Qb2 Qd6 {[%emt 0:02:11] Inhibits Qa3.} 27. Bf1 Bxf1 28. Kxf1 $11 {[%emt 0:00:00][%mdl 4096] Endgame KQN-KQN} f6 29. Nd3 Kf7 30. Ke2 Nc6 31. Qc3 Ke7 32. Qc2 Kd7 33. h5 gxh5 34. Nf4 Qe7 (34... f5 $5 ) 35. Nxh5 {[%emt 0:00:00][%cal Oc2h7] Strongly threatening Qxh7!} Qf7 (35... Kd6 $11) 36. Qxh7 $1 $18 Qxh7 (36... Ke7 {was worth a try.} 37. Qh6 Nd8) 37. Nxf6+ {[%emt 0:00:00] Weighted Error Value: White=0.02 (flawless) /Black=0.19 (very precise)} 1-0

[Event "34th GER-ch Seniors-50 2022"]
[Site "Magdeburg"]
[Date "2022.08.20"]
[Round "9.1"]
[White "Reddmann, Hauke"]
[Black "Zude, Arno"]
[Result "0-1"]
[ECO "E48"]
[WhiteElo "2181"]
[BlackElo "2371"]
[Annotator "TA"]
[PlyCount "39"]
[EventDate "2022.08.12"]
[EventType "swiss"]
[EventCountry "GER"]
[SourceTitle "playchess.com"]
[Source "ChessBase"]
[SourceQuality "1"]
[TimeControl "40/5400+30:1800+30"]

1. d4 Nf6 2. c4 e6 3. Nc3 Bb4 4. e3 O-O 5. Bd3 d5 6. Qb3 {[%emt 0:01:51] E48: Nimzo-Indian: Rubinstein: 5 Bd3 d5 including 6 Ne2, but excluding 6 a3.} c5 7. a3 {[%emt 0:00:44] [#]} Bxc3+ $146 ({Predecessor:} 7... Ba5 8. Nf3 dxc4 9. Qxc4 cxd4 10. exd4 b5 11. Qb3 Bb7 12. Be2 a6 13. O-O h6 {0-1 (35) Batricevic,J (2166)-Lekic,D (2430) Niksic 2014}) 8. bxc3 {[%emt 0:00:23] Black has an edge.} Nc6 9. cxd5 exd5 10. dxc5 Ne5 {[%emt 0:07:11] Pair of Knights!} 11. Be2 Bf5 {[%emt 0:03:07] Black is more active.} 12. Nf3 {[%emt 0:03:50] [#]} (12. Qd1 $15) 12... Nd3+ $1 $17 13. Bxd3 Bxd3 14. Qxb7 $2 (14. Qd1 $17 Ba6 15. Qd4) 14... Ne4 $1 $19 15. a4 $2 (15. c6 {was called for.} Qf6 16. Qb4) 15... Qf6 16. Qb4 (16. Qb3 $142) 16... Bc4 {[%emt 0:05:39] Threatens to win with ...Rfb8. Black is clearly winning.} 17. Ba3 {[%emt 0:02:39] [#]} Nxc5 $1 18. Rd1 Rfc8 {[%emt 0:01:34] Hoping for ...Rab8.} 19. Qxc4 dxc4 20. O-O {[%emt 1:08:55] Black took control after the opening.  Weighted Error Value: White=1.00/Black=0.21 (precise)} 0-1